Map: Site Delta LE

Players

Kaozfate

  • Race: Terran Terran
  • League: Grandmaster
  • Spawn Location: 5:00

Jason - Winner!

  • Race: Terran Terran
  • League: Grandmaster
  • Spawn Location: 11:00

VOD

Have the link to the VOD?

Description

Time

  • Played on: June 4, 2024, 3:21 p.m.
  • Length: 16:28
Show
View Real Time Build Order
Export as new Build Order

Kaozfate Terran 

Build Orders:  

Get SALT Encoding   

  12  0:00  SCV  
  13  0:12  SCV  
  14  0:17  Supply Depot  
  14  0:24  SCV  
  15  0:39  SCV, Barracks  
  15  0:42  Refinery  
  16  0:51  SCV  
  16  0:53  Refinery  
  17  1:03  SCV  
  18  1:15  SCV  
  19  1:26  Reaper  
  19  1:27  Orbital Command  
  19  1:28  Supply Depot  
  20  1:41  Factory  
  20  1:52  SCV  
  21  1:59  Barracks Reactor  
  21  2:05  SCV  
  22  2:17  SCV  
  22  2:28  Hellion  
  22  2:29  SCV  
  23  2:35  Marine  
  23  2:36  Marine  
  25  2:41  SCV  
  24  2:50  Hellion  
  23  2:55  Marine x2  
  23  2:57  SCV  
  24  2:59  Starport  
  24  3:11  Hellion, SCV  
  21  3:21  Marine x2  
  21  3:25  SCV  
  24  3:32  Factory Tech Lab  
  24  3:37  SCV, Medivac  
  24  3:39  Marine  
  24  3:40  Marine  
  29  3:49  SCV  
  29  3:52  Siege Tank  
  31  3:59  Marine  
  29  4:03  SCV  
  30  4:11  Marine  
  30  4:14  Starport Tech Lab  
  30  4:15  SCV  
  29  4:18  Marine  
  28  4:29  Marine  
  25  4:35  Banshee  
  25  4:36  Marine  
  29  4:39  SCV  
  30  4:47  Marine  
  31  5:02  Marine  
  31  5:04  SCV  
  31  5:16  Command Center  
  31  5:24  Supply Depot  
  31  5:46  Marine x2, SCV  
  34  5:58  SCV  
  32  6:25  Command Center  
  32  6:27  Marine x2  
  32  6:28  Raven, SCV, Orbital Command  
  37  6:40  SCV  
  38  7:00  Supply Depot  
  38  7:01  Marine x2, SCV, Siege Tank  
  44  7:02  Raven  
  46  7:12  Orbital Command  
  46  7:22  Marine x2, SCV  
  49  7:33  Siege Tank  
  49  7:34  SCV  
  53  7:37  Orbital Command  
  53  7:39  SCV  
  53  7:42  Marine x2  
  56  7:46  SCV  
  57  7:51  SCV  
  59  7:58  Refinery, SCV  
  59  8:03  SCV  
  59  8:04  SCV  
  64  8:05  Siege Tank  
  64  8:10  SCV  
  65  8:15  SCV  
  65  8:16  SCV  
  65  8:18  Viking  
  69  8:24  Supply Depot  
  69  8:32  Supply Depot  
  69  8:43  Marine, SCV x2  
  69  8:44  Viking  
  69  8:45  Siege Tank  
  72  8:48  SCV  
  72  8:49  Stimpack  
  72  8:55  SCV  
  74  8:56  SCV  
  74  8:58  Barracks  
  74  9:00  SCV, Barracks  
  74  9:01  Marine  
  77  9:07  SCV  
  77  9:08  SCV  
  79  9:14  Viking x2  
  83  9:17  Orbital Command  
  83  9:19  SCV  
  83  9:21  SCV  
  83  9:24  Supply Depot  
  85  9:30  Refinery  
  85  9:42  Engineering Bay x2  
  85  9:45  Marine, Barracks, SCV, Siege Tank  
  90  9:46  Barracks  
  90  9:47  Barracks Reactor  
  90  9:48  Barracks Reactor  
  90  9:53  SCV x2  
  90  9:54  Supply Depot  
  90  9:55  Supply Depot  
  90  9:59  Viking  
  93  10:11  Marine, SCV  
  93  10:12  Viking  
  86  10:17  SCV  
  73  10:25  Marine x3  
  73  10:26  Marine  
  59  10:29  Marine, Siege Tank  
  59  10:30  SCV  
  59  10:32  Viking  
  59  10:33  Combat Shield  
  59  10:34  Marine x2, SCV  
  69  10:37  SCV  
  70  10:43  Marine  
  70  10:44  SCV  
  70  10:46  Terran Infantry Armor Level 1, Terran Infantry Weapons Level 1  
  72  10:53  Marine x3  
  66  10:57  Marine x2  
  66  11:01  Siege Tank  
  59  11:11  Marine x3  
  59  11:13  Marine x2  
  59  11:15  Marine, SCV  
  64  11:20  Marine  
  65  11:29  Marine x3  
  65  11:31  Marine  
  62  11:34  SCV  
  62  11:36  Orbital Command  
  58  11:42  Marine  
  58  11:43  Marine  
  58  11:45  SCV  
  61  11:58  Medivac x2  
  65  12:01  SCV x2  
  65  12:03  SCV  
  68  12:10  Siege Tank  
  68  12:13  SCV  
  72  12:16  SCV  
  72  12:17  SCV  
  72  12:19  Barracks Reactor  
  72  12:21  Barracks Reactor  
  74  12:31  Sensor Tower, Medivac  
  74  12:32  Medivac  
  79  12:37  SCV  
  79  12:39  Marine x2  
  79  12:40  Marine x2  
  79  12:41  SCV x2  
  85  12:44  Armory  
  85  12:48  Siege Tank  
  85  12:49  SCV  
  89  12:53  SCV  
  89  12:56  SCV  
  91  12:59  Supply Depot, Marine  
  91  13:00  Marine x2  
  91  13:01  Supply Depot  
  91  13:02  Marine x2  
  96  13:05  Marine x2  
  96  13:08  SCV  
  96  13:12  Medivac x2  
  103  13:18  Marine x5  
  108  13:31  Marine x2  
  108  13:32  Marine x2, Siege Tank  
  95  13:35  Marine, SCV  
  97  13:42  Marine x2  
  97  13:44  Marine  
  97  13:46  Marine  
  101  13:48  Marine  
  101  13:51  Medivac x2  
  101  13:52  Marine  
  101  13:53  Marine  
  108  13:55  Marine  
  108  13:56  Marine  
  108  14:01  SCV x2  
  112  14:05  Marine x3, Siege Tank  
  118  14:10  SCV  
  118  14:13  SCV  
  120  14:19  Supply Depot  
  120  14:25  Marine  
  121  14:34  Marine  
  121  14:37  Marine x5  
  121  14:38  Marine x2  
  116  14:39  Command Center  
  116  14:42  SCV  
  116  14:43  Marine  
  116  14:44  Siege Tank  
  116  14:45  Sensor Tower  
  121  14:51  Marine  
  121  14:52  Medivac x2  
  126  14:55  Marine x5  
  126  14:57  Refinery x2  
  117  15:02  Marine x3  
  117  15:03  SCV  
  119  15:09  Marine  
  119  15:13  Marine  
  119  15:14  Marine x2  
  122  15:19  Marine  
  112  15:23  Marine x2  
  112  15:27  Marine x3  
  108  15:28  Siege Tank  
  108  15:33  Marine x2  
  108  15:34  Marine  
  104  15:37  Marine  
  104  15:41  Marine  
  102  15:42  Command Center  
  102  15:44  Marine  
  90  16:03  Marine x7  
Show
View Real Time Build Order
Export as new Build Order

Jason Terran - Winner!

Build Orders:  

Get SALT Encoding   

  12  0:00  SCV  
  13  0:13  Supply Depot  
  13  0:19  SCV  
  14  0:35  Barracks  
  14  0:41  Refinery  
  14  0:55  Barracks  
  14  1:00  SCV  
  15  1:12  SCV  
  16  1:24  Reaper  
  17  1:25  Barracks  
  17  1:33  Refinery  
  17  1:43  Reaper  
  18  1:53  Barracks  
  18  2:00  Reaper  
  19  2:12  Supply Depot  
  19  2:18  Reaper  
  20  2:28  Reaper  
  21  2:30  SCV  
  22  2:57  Reaper x2  
  24  2:59  Orbital Command  
  24  3:09  Reaper  
  24  3:10  Reaper  
  22  3:26  SCV  
  22  3:29  Reaper x2  
  24  3:38  SCV  
  25  3:42  Reaper x2  
  27  3:50  SCV  
  27  4:01  Marine, Reaper  
  27  4:02  SCV  
  28  4:07  Factory  
  28  4:14  SCV, Reaper  
  30  4:22  Reaper  
  31  4:31  Supply Depot  
  31  4:40  Supply Depot  
  31  4:53  SCV  
  31  4:58  Reaper x3  
  35  5:05  SCV  
  36  5:07  Cyclone  
  36  5:13  Engineering Bay  
  36  5:17  SCV  
  36  5:20  Starport  
  37  5:39  Cyclone  
  39  5:46  Command Center  
  39  5:55  SCV  
  40  5:58  Starport Tech Lab  
  40  6:07  SCV  
  37  6:19  SCV  
  37  6:20  Raven, Interference Matrix  
  37  6:25  Factory Tech Lab  
  40  6:31  SCV  
  41  6:43  SCV  
  41  6:45  Siege Tank  
  45  6:54  Refinery  
  45  6:55  SCV  
  45  6:57  Barracks Reactor  
  45  6:58  Barracks Tech Lab  
  46  7:07  SCV  
  47  7:16  Marine  
  47  7:17  Siege Tank  
  47  7:20  SCV  
  52  7:23  Orbital Command  
  52  7:32  SCV  
  52  7:33  Marine x2  
  55  7:37  Raven  
  55  7:38  Marine, Barracks  
  55  7:44  SCV  
  59  7:45  Supply Depot  
  59  7:49  Stimpack, SCV  
  60  7:51  Marine  
  60  7:54  Marine  
  60  7:57  Supply Depot  
  62  7:58  Supply Depot  
  62  8:02  Supply Depot  
  62  8:06  Marine, SCV x2, Siege Tank  
  68  8:14  Supply Depot x2  
  68  8:16  Marine  
  68  8:17  Marine  
  68  8:19  SCV x2  
  72  8:21  Starport Reactor  
  72  8:23  Supply Depot  
  72  8:27  Marine  
  72  8:31  SCV x2  
  72  8:34  Marine  
  75  8:35  Marine x2, Combat Shield  
  78  8:47  Marine  
  79  8:49  Siege Tank  
  79  8:52  Marine  
  79  8:53  Marine  
  84  8:57  Marine  
  84  8:59  Supply Depot, Medivac  
  87  9:04  Medivac  
  87  9:05  Marine  
  87  9:09  Marine  
  90  9:10  Marine  
  90  9:15  Marine  
  90  9:17  Supply Depot  
  93  9:18  Supply Depot  
  93  9:23  Marine, Siege Tank  
  97  9:27  Marine  
  97  9:28  Marine  
  99  9:32  Medivac  
  99  9:33  Marine  
  99  9:41  Marine  
  99  9:45  Marine  
  101  9:46  Marine  
  101  9:51  Marine  
  103  9:59  Marine, Command Center  
  104  10:03  Marine  
  104  10:04  Marine, Siege Tank  
  104  10:05  Medivac  
  111  10:08  Marine  
  93  10:16  Marine  
  93  10:21  Marine  
  88  10:22  Marine  
  88  10:26  Marine  
  88  10:27  Medivac  
  86  10:29  SCV  
  86  10:33  SCV, Barracks x2  
  86  10:34  Engineering Bay, Marine  
  86  10:35  Medivac  
  91  10:38  Marine, Refinery, Terran Infantry Weapons Level 1  
  91  10:40  Marine  
  91  10:41  SCV  
  94  10:44  Marine  
  94  10:45  SCV  
  94  10:46  Supply Depot  
  96  10:52  Marine  
  96  10:53  SCV  
  96  10:56  Marine  
  94  10:57  Marine  
  94  11:02  Marine  
  92  11:10  Marine  
  84  11:12  Siege Tank  
  84  11:14  Marine, Medivac  
  84  11:15  Marine  
  84  11:16  Orbital Command  
  84  11:17  SCV x2  
  91  11:20  Marine  
  91  11:24  Marine  
  90  11:29  SCV  
  90  11:31  Marine  
  90  11:32  Marine  
  87  11:35  Marine  
  87  11:37  Marine  
  85  11:41  SCV  
  85  11:42  Barracks Reactor  
  85  11:43  Barracks Reactor  
  85  11:44  Siege Tank  
  83  11:48  Marine, SCV  
  83  11:50  Marine  
  83  11:53  Marine  
  86  11:55  Marine  
  86  11:57  Viking  
  89  12:03  Viking  
  89  12:06  Marine  
  89  12:07  Marine  
  93  12:10  Sensor Tower  
  93  12:11  Marine  
  93  12:12  Terran Infantry Armor Level 1  
  93  12:15  Refinery  
  94  12:16  Marine, Refinery  
  94  12:19  Marine  
  94  12:21  Armory  
  96  12:23  Marine  
  96  12:24  Marine  
  96  12:25  Marine x2  
  96  12:27  Marine  
  96  12:29  Marine  
  102  12:32  Siege Tank  
  102  12:34  Marine  
  106  12:37  Marine  
  106  12:39  SCV  
  106  12:40  SCV x2  
  106  12:41  Marine  
  106  12:42  Marine  
  106  12:43  Supply Depot  
  112  12:44  Marine  
  112  12:45  Supply Depot, Marine  
  112  12:49  Marine x2  
  116  12:51  Marine  
  116  12:55  Marine  
  116  12:57  Factory  
  118  12:58  Marine  
  118  13:00  Marine  
  120  13:10  Siege Tank  
  123  13:21  Marine x2  
  123  13:22  Marine x2  
  127  13:31  Marine x2, Medivac x2  
  127  13:32  Marine x2  
  135  13:35  Terran Infantry Weapons Level 2  
  135  13:37  Command Center  
  135  13:38  Marine  
  135  13:39  Terran Vehicle Weapons Level 1  
  136  13:43  Siege Tank  
  136  13:48  Marine x3  
  139  13:49  Factory Tech Lab, Marine x3  
  145  13:59  Marine x2  
  147  14:04  Medivac  
  147  14:06  Marine x3, Medivac  
  147  14:07  Marine x3  
  158  14:10  SCV x2  
  158  14:12  SCV  
  160  14:17  Marine  
  160  14:18  Siege Tank  
  160  14:21  Marine  
  165  14:25  Marine  
  164  14:35  Marine x2  
  164  14:37  Marine x4  
  155  14:39  Marine  
  155  14:43  Marine  
  157  14:47  Siege Tank  
  157  14:50  SCV x2  
  162  14:53  Marine x2  
  162  14:55  Marine x3  
  156  15:00  Siege Tank  
  156  15:03  Marine  
  156  15:04  Marine x2  
  162  15:11  Marine x2  
  162  15:13  Marine x3  
  167  15:21  Marine x3, Siege Tank  
  170  15:29  Marine x2  
  170  15:30  Marine  
  170  15:31  Marine x2  
  170  15:35  Medivac  
  173  15:39  Marine x3  
  169  15:42  Siege Tank  
  169  15:47  Marine x2  
  169  15:48  Marine  
  169  15:49  Marine x2  
  161  15:57  Marine x3  
  162  16:04  Marine  
  162  16:05  Marine  
  162  16:06  Marine x3  
Tags
 
Add a new tag
Caveats
  • Supply blocks, unpowered buildings, or Contaminate may cause inaccurate times.
  • Supply counts are checked every 10 seconds.